 Dungeon Crawl Stone Soup version 0.31-a0-640-g39d97e502b (webtiles) character file.

Game seed: 8686441215115380923

23545 qw the Skirmisher (level 13, -2/88 HPs)
             Began as a Gargoyle Hunter on Aug 27, 2023.
             Was a High Priest of Okawaru.
             Slain by a water moccasin (4 damage)
             ... on level 5 of the Lair of Beasts.
             The game lasted 00:06:36 (12046 turns).

qw the Skirmisher (Gargoyle Hunter)                Turns: 12046, Time: 00:06:36

Health: -2/88      AC: 24    Str: 17    XL:     13   Next: 7%
Magic:  18/18      EV: 20    Int: 16    God:    Okawaru [*****.]
Gold:   1974       SH:  0    Dex: 19    Spells: 12/12 levels left

rFire   + . .        Y - +4 shortbow (drain)
rCold   . . .        (shield currently unavailable)
rNeg    + . .        b - +2 robe {rF+}
rPois   inf          e - +0 helmet
rElec   +            a - +2 cloak of Muttered Phrases {Fly Will- Int+7}
rCorr   .            k - +2 pair of gloves "Daxarod" {-Cast Dex+2 SInv Stlth+}
SInv    +            l - +0 pair of boots
Will    .....        (no amulet)
Stlth   ++++         p - ring of willpower
HPRegen 0.34/turn    (no ring)
MPRegen 0.16/turn

%: no spellcasting
@: heroic, flying
A: sickness immunity, AC +9, negative energy resistance 1, electricity
resistance, torment resistance 1, petrification resistance
a: Renounce Religion, Heroism, Finesse, Duel


You were on level 5 of the Lair of Beasts.
You worshipped Okawaru.
Okawaru was extremely pleased with you.
You visited 3 branches of the dungeon, and saw 14 of its levels.

You collected 1974 gold pieces.


Innate Abilities, Weirdness & Mutations

You are immune to sickness and miasma.
Your stone body is resilient. (AC +9)
You are immune to poison.
You resist negative energy. (rN+)
You are resistant to electric shocks. (rElec)
You are resistant to unholy torment.
You are immune to petrification.


   Skills:
 - Level 13.1(18.1) Fighting
 - Level 14.0(19.0) Ranged Weapons
 - Level 5.0(10.0) Armour
 + Level 7.5(12.5) Dodging
 - Level 1.1(6.1) Stealth
 + Level 7.7 Invocations


You had 12 spell levels left.
You didn't know any spells.
Your spell library was empty.

Inventory:

Hand Weapons
 Y - a +4 shortbow of draining (weapon)
Armour
 a - the +2 cloak of Muttered Phrases (worn) {Fly Will- Int+7}
   (You found it on level 3 of the Dungeon)

   Int+7:     It affects your intelligence (+7).
   Will-:     It decreases your willpower.
   Fly:       It grants you flight.
 b - a +2 robe of fire resistance (worn)
 e - a +0 helmet (worn)
 f - +0 steam dragon scales
 h - a +2 robe of cold resistance
 k - the +2 pair of gloves "Daxarod" (worn) {-Cast Dex+2 SInv Stlth+}
   (You found it on level 2 of the Dungeon)

   Dex+2:     It affects your dexterity (+2).
   SInv:      It lets you see invisible.
   -Cast:     It prevents spellcasting.
   Stlth+:    It makes you more stealthy.
 l - a +0 pair of boots (worn)
Jewellery
 p - a ring of willpower (left hand)
Scrolls
 j - a scroll of identify
Potions
 c - a potion of resistance
 g - 5 potions of curing
 i - a potion of magic
 m - a potion of might
 n - a potion of berserk rage {unknown}
 r - a potion of mutation {unknown}

Dungeon Overview and Level Annotations

Branches:
Dungeon (8/15)             Temple (1/1) D:4            Lair (5/5) D:8
  Swamp (0/4) Lair:2        Snake (0/4) Lair:3        Slime (0/5) Lair:4

Altars:
Ashenzari
Cheibriados
Dithmenos
Elyvilon
Fedhas
Gozag
Hepliaklqana
Kikubaaqudgha
Makhleb
Nemelex Xobeh
Okawaru
Qazlal
Ru
Sif Muna
Trog
Uskayaw
Vehumet
Wu Jian
Zin
The Shining One
Jiyva

Annotations:
D:8 2 transporters
Lair:4 3 runed translucent doors, qw's ghost, journeyman MiHs


Message History

The elephant is moderately wounded.
The black mamba bites you but does no damage.
The water moccasin bites you. The elephant tramples you!
You hold your ground!
The elephant misses you.
You shoot an arrow. The arrow hits the elephant.
You drain the elephant.
The elephant is heavily wounded.
The black mamba bites you but does no damage.
The water moccasin misses you. The elephant closely misses you.
The elephant completely misses you.
You shoot an arrow. The arrow hits the elephant.
The elephant is heavily wounded.
The black mamba barely misses you.
The water moccasin bites you but does no damage.
The black mamba bites you.
You shoot an arrow. The arrow hits the elephant.
The elephant is heavily wounded.
The elephant closely misses you.
The elephant trunk-slaps you but does no damage.
The black mamba bites you! The water moccasin closely misses you.
You shoot an arrow.
The arrow hits the elephant but does no damage.
You drain the elephant.
The elephant is severely wounded.
The black mamba bites you! The elephant barely misses you.
The elephant closely misses you. The water moccasin bites you.
You shoot an arrow. The arrow hits the elephant.
You drain the elephant.
The elephant is severely wounded.
The black mamba bites you but does no damage.
The water moccasin misses you.
You shoot an arrow.
The arrow hits the elephant but does no damage.
The elephant is severely wounded.
The black mamba completely misses you. The elephant barely misses you.
The elephant misses you.
The black mamba bites you but does no damage.
You shoot an arrow.
The arrow hits the elephant but does no damage.
The elephant is severely wounded.
The water moccasin bites you.
You die...

......##..
......#..#..#
#...........#
#.....#..#..#
##.#....#.....
#..Y..........
#YYY.........
##YY.........
#@S##<.......
##S.##...#...
#..# ##.....
#..# .... #..#
).. .... <.
...## . ..#


You could see 3 elephants, a black mamba, a water moccasin and 2 dream sheep.

Vanquished Creatures
  Rupert (Lair:4)
  A hydra (Lair:4)
  A catoblepas (Lair:2)
  Erica (D:8)
  A bog body (Lair:2)
  A salamander (Lair:3)
  An ugly thing (D:7)
  5 black mambas
  5 cane toads
  3 rime drakes
  Psyche (D:8)
  5 komodo dragons
  A troll (D:8)
  2 polar bears (D:8)
  A hornet (D:8)
  22 blink frogs
  5 dream sheep
  A basilisk (Lair:1)
  A wyvern (D:7)
  13 yaks
  4 steam dragons (D:8)
  15 water moccasins
  6 ice beasts
  An orc warrior (D:5)
  A sky beast (D:6)
  A black bear (D:7)
  4 ogres
  6 wolves
  7 bullfrogs
  A kobold brigand (D:7)
  8 wights
  2 howler monkeys
  3 electric eels
  4 lava snakes (Lair:3)
  2 jellies
  2 orc priests
  6 hounds
  5 sleepcaps
  4 orc wizards
  4 iguanas (D:4)
  3 gnolls (D:4)
  8 adders
  2 ufetubi
  2 worms
  3 dart slugs
  40 orcs
  8 endoplasms
  3 giant cockroaches
  6 goblins
  7 hobgoblins
  3 jackals (D:1)
  3 quokkas (D:3)
  9 ball pythons
  9 bats
  3 frilled lizards
  8 kobolds
  5 rats
280 creatures vanquished.

Vanquished Creatures (others)
  An orc (D:8)
1 creature vanquished.

Grand Total: 281 creatures vanquished

Notes
Turn   | Place    | Note
-------+----------+-------------------------------------------
     0 | D:1      | qw the Gargoyle Hunter began the quest for the Orb.
     0 | D:1      | Reached XP level 1. HP: 12/12 MP: 1/1
     0 | D:1      | 0 ||| qw: Version: 0.3-a-74-g0d5e918
     0 | D:1      | 0 ||| qw: Game counter: 177
     0 | D:1      | 0 ||| qw: Melee chars always use a shield: true
     0 | D:1      | 0 ||| qw: God list: Okawaru
     0 | D:1      | 0 ||| qw: Allow faded altars: false
     0 | D:1      | 0 ||| qw: Do Orc after clearing Dungeon:15 true
     0 | D:1      | 0 ||| qw: Do second Lair branch before Depths: true
     0 | D:1      | 0 ||| qw: Lair rune preference: random
     0 | D:1      | 0 ||| qw: Goals: Normal
     0 | D:1      | 0 ||| PLANNING D:1-11
   220 | D:1      | Reached XP level 2. HP: 17/17 MP: 2/2
   333 | D:1      | HP: 4/17 [kobold/+0 whip (4)]
   613 | D:1      | Reached XP level 3. HP: 21/21 MP: 3/3
   618 | D:1      | Reached skill level 5 in Ranged Weapons
   885 | D:1      | 885 ||| UPGRADING to +0 cloak.
   890 | D:1      | 890 ||| UPGRADING to +0 ring mail.
   900 | D:1      | 900 ||| DROPPING +0 leather armour.
   901 | D:1      | 901 ||| DROPPING scroll of butterflies.
  1003 | D:2      | Reached skill level 1 in Armour
  1116 | D:2      | Reached XP level 4. HP: 24/27 MP: 4/4
  1153 | D:2      | Reached skill level 3 in Fighting
  1262 | D:2      | Identified the +2 pair of gloves "Daxarod" {-Cast Dex+2
                  | SInv Stlth+}
  1444 | D:2      | 1444 ||| UPGRADING to +0 pair of gloves.
  1449 | D:2      | 1449 ||| UPGRADING to +2 pair of gloves "Daxarod" {-Cast
                  | Dex+2 SInv Stlth+}.
  1459 | D:2      | 1459 ||| DROPPING +0 pair of gloves.
  1460 | D:2      | 1460 ||| READING scroll labelled OFABUM TIPEU.
  1465 | D:2      | 1465 ||| READING 3 scrolls labelled SELIUDONUF.
  1466 | D:2      | 1466 ||| READING scroll labelled IRABRA KOORCH.
  1467 | D:2      | 1467 ||| DRINKING 2 clear potions.
  1468 | D:2      | 1468 ||| READING 2 scrolls of identify.
  1468 | D:2      | 1468 ||| IDENTIFYING green potion
  1469 | D:2      | 1469 ||| DROPPING potion of brilliance.
  1497 | D:3      | 1497 ||| STAIRDANCE
  1505 | D:3      | 1505 ||| STAIRDANCE
  1664 | D:3      | Reached XP level 5. HP: 16/32 MP: 5/5
  1677 | D:3      | 1677 ||| FLEEEEING.
  1678 | D:3      | 1678 ||| FLEEEEING.
  1679 | D:3      | 1679 ||| FLEEEEING.
  1680 | D:3      | 1680 ||| STAIRDANCE
  1725 | D:2      | 1725 ||| READING scroll labelled YSHYVA IFUOCS.
  1787 | D:3      | Reached skill level 6 in Ranged Weapons
  1787 | D:3      | 1787 ||| FLEEEEING.
  1789 | D:3      | 1789 ||| FLEEEEING.
  1790 | D:3      | 1790 ||| FLEEEEING.
  1791 | D:3      | 1791 ||| FLEEEEING.
  1821 | D:3      | 1821 ||| READING scroll of enchant weapon.
  1821 | D:3      | 1821 ||| ENCHANTING +1 shortbow.
  1844 | D:3      | Identified the +2 cloak of Muttered Phrases {Fly Will-
                  | Int+7}
  2021 | D:3      | Found a faded altar of an unknown god.
  2072 | D:3      | Found a white marble altar of Elyvilon.
  2335 | D:3      | 2335 ||| UPGRADING to +2 cloak of Muttered Phrases {Fly
                  | Will- Int+7}.
  2345 | D:3      | 2345 ||| DROPPING +0 cloak.
  2346 | D:3      | 2346 ||| READING scroll labelled XIEREIREOMA.
  2391 | D:4      | 2391 ||| READING scroll of enchant weapon.
  2391 | D:4      | 2391 ||| ENCHANTING +2 shortbow.
  2408 | D:4      | Reached XP level 6. HP: 38/38 MP: 6/6
  2563 | D:4      | Found a staircase to the Ecumenical Temple.
  2564 | D:4      | 2564 ||| PLANNING TEMPLE
  2577 | D:4      | 2577 ||| DROPPING amulet of magic regeneration.
  2578 | D:4      | 2578 ||| READING 3 scrolls of identify.
  2578 | D:4      | 2578 ||| IDENTIFYING yellow potion
  2579 | D:4      | 2579 ||| READING 2 scrolls of identify.
  2579 | D:4      | 2579 ||| IDENTIFYING murky coppery potion
  2580 | D:4      | 2580 ||| DROPPING potion of invisibility.
  2586 | Temple   | Found a transporter.
  2586 | Temple   | Found a transporter.
  2586 | Temple   | Found a transporter.
  2586 | Temple   | Found a transporter.
  2586 | Temple   | Entered the Ecumenical Temple
  2587 | Temple   | 2587 ||| PLANNING D:1-11
  2595 | Temple   | 2595 ||| PLANNING OKAWARU WORSHIP
  2599 | Temple   | Became a worshipper of Warmaster Okawaru
  2600 | Temple   | 2600 ||| PLANNING D:1-11
  2646 | D:4      | 2646 ||| DRINKING 4 potions of curing.
  2646 | D:4      | 2646 ||| (to cure confusion)
  2777 | D:4      | Reached skill level 7 in Ranged Weapons
  2852 | D:4      | Reached XP level 7. HP: 43/43 MP: 7/7
  3342 | D:4      | Found a broken altar of Ashenzari.
  3347 | D:4      | 3347 ||| UPGRADING to +0 ring mail of cold resistance.
  3357 | D:4      | 3357 ||| DROPPING +0 ring mail.
  3358 | D:4      | 3358 ||| READING scroll labelled FIMMOFEWEMP.
  3403 | D:5      | Entered Level 5 of the Dungeon
  3411 | D:5      | Reached * piety under Okawaru
  3412 | D:5      | 3412 ||| STAIRDANCE
  3516 | D:5      | 3516 ||| INVOKING Heroism.
  3518 | D:5      | 3518 ||| Stepping ~*~*~tactically~*~*~ (outnumbered).
  3529 | D:5      | Reached skill level 8 in Ranged Weapons
  3574 | D:5      | 3574 ||| INVOKING Heroism.
  3608 | D:5      | HP: 9/43 [orc warrior/+0 war axe (4)]
  3609 | D:5      | 3609 ||| READING scroll of teleportation.
  3973 | D:5      | Reached XP level 8. HP: 31/49 MP: 8/8
  4397 | D:5      | 4397 ||| DROPPING amulet of guardian spirit.
  4398 | D:5      | 4398 ||| READING scroll labelled SELOWETWUI.
  4399 | D:5      | 4399 ||| DRINKING 2 smoky clear potions.
  4452 | D:6      | 4452 ||| RETREATING.
  4467 | D:6      | 4467 ||| Stepping ~*~*~tactically~*~*~ (retreating).
  4469 | D:6      | Reached skill level 9 in Ranged Weapons
  4475 | D:6      | 4475 ||| INVOKING Heroism.
  4484 | D:6      | HP: 12/49 [wight/+2 scimitar of protection (2)]
  4485 | D:6      | 4485 ||| READING scroll of teleportation.
  4486 | D:6      | 4486 ||| DRINKING potion of heal wounds.
  4645 | D:6      | 4645 ||| INVOKING Heroism.
  4646 | D:6      | 4646 ||| INVOKING Heroism.
  4653 | D:6      | Reached skill level 6 in Fighting
  4793 | D:6      | Reached skill level 1 in Invocations
  4837 | D:6      | Reached XP level 9. HP: 47/55 MP: 10/10
  4837 | D:6      | 4837 ||| FLEEEEING.
  4838 | D:6      | 4838 ||| FLEEEEING.
  4839 | D:6      | 4839 ||| FLEEEEING.
  4841 | D:6      | 4841 ||| FLEEEEING.
  4842 | D:6      | 4842 ||| FLEEEEING.
  4843 | D:6      | 4843 ||| FLEEEEING.
  4844 | D:6      | 4844 ||| FLEEEEING.
  4845 | D:6      | 4845 ||| FLEEEEING.
  4984 | D:6      | 4984 ||| INVOKING Heroism.
  4991 | D:6      | Reached skill level 3 in Invocations
  5261 | D:7      | 5261 ||| INVOKING Heroism.
  5292 | D:7      | 5292 ||| Stepping ~*~*~tactically~*~*~ (outnumbered).
  5299 | D:7      | Reached skill level 10 in Ranged Weapons
  5333 | D:7      | 5333 ||| INVOKING Heroism.
  5407 | D:7      | Reached skill level 3 in Armour
  5510 | D:7      | 5510 ||| INVOKING Heroism.
  5528 | D:7      | Found a stormy altar of Qazlal.
  5609 | D:7      | 5609 ||| RETREATING.
  5615 | D:7      | Reached skill level 3 in Dodging
  5666 | D:7      | Noticed a green ugly thing
  5679 | D:7      | 5679 ||| INVOKING Heroism.
  5685 | D:7      | Killed a green ugly thing
  5859 | D:7      | Identified the +8 long sword of Change {flame, *Corrode rF+
                  | Will+ Int+2}
  5963 | D:7      | 5963 ||| INVOKING Heroism.
  6143 | D:7      | 6143 ||| UPGRADING to +0 helmet.
  6148 | D:7      | 6148 ||| READING scroll labelled TAOFOLO GEZO.
  6149 | D:7      | 6149 ||| READING 3 scrolls of identify.
  6149 | D:7      | 6149 ||| IDENTIFYING silvery potion
  6150 | D:7      | 6150 ||| READING 2 scrolls of identify.
  6150 | D:7      | 6150 ||| IDENTIFYING fizzy grey potion
  6151 | D:7      | 6151 ||| DROPPING potion of lignification.
  6316 | D:8      | Noticed a manticore
  6317 | D:8      | Found a transporter.
  6317 | D:8      | Noticed a catoblepas
  6318 | D:8      | Noticed a centaur warrior
  6345 | D:8      | Noticed a hornet
  6346 | D:8      | 6346 ||| RETREATING.
  6347 | D:8      | 6347 ||| Stepping ~*~*~tactically~*~*~ (retreating).
  6352 | D:8      | 6352 ||| INVOKING Heroism.
  6356 | D:8      | Killed a hornet
  6357 | D:8      | Reached skill level 11 in Ranged Weapons
  6358 | D:8      | Reached XP level 10. HP: 40/64 MP: 10/13
  6364 | D:8      | Reached ** piety under Okawaru
  6404 | D:8      | 6404 ||| INVOKING Heroism.
  6431 | D:8      | HP: 3/64 [rime drake/icy flash freeze (16)]
  6432 | D:8      | 6432 ||| READING scroll of teleportation.
  6433 | D:8      | 6433 ||| DRINKING potion of heal wounds.
  6436 | D:8      | 6436 ||| INVOKING Heroism.
  6552 | D:8      | 6552 ||| INVOKING Heroism.
  6566 | D:8      | HP: 7/64 [something (11)]
  6567 | D:8      | 6567 ||| Stepping ~*~*~tactically~*~*~ (cloud).
  6585 | D:8      | 6585 ||| INVOKING Heroism.
  6683 | D:8      | 6683 ||| INVOKING Heroism.
  6758 | D:8      | Found a transporter.
  6774 | D:8      | 6774 ||| INVOKING Heroism.
  6776 | D:8      | 6776 ||| Stepping ~*~*~tactically~*~*~ (cloud).
  6779 | D:8      | 6779 ||| Stepping ~*~*~tactically~*~*~ (cloud).
  6780 | D:8      | 6780 ||| Stepping ~*~*~tactically~*~*~ (cloud).
  6789 | D:8      | 6789 ||| Stepping ~*~*~tactically~*~*~ (cloud).
  6808 | D:8      | 6808 ||| FLEEEEING.
  6809 | D:8      | 6809 ||| FLEEEEING.
  6817 | D:8      | 6817 ||| FLEEEEING.
  6854 | D:8      | 6854 ||| INVOKING Heroism.
  6863 | D:8      | Noticed Psyche
  6873 | D:8      | Killed Psyche
  6874 | D:8      | Reached skill level 12 in Ranged Weapons
  6890 | D:8      | Noticed Erica
  6891 | D:8      | 6891 ||| INVOKING Heroism.
  6909 | D:8      | 6909 ||| Stepping ~*~*~tactically~*~*~ (retreating).
  6910 | D:8      | 6910 ||| Stepping ~*~*~tactically~*~*~ (retreating).
  6914 | D:8      | 6914 ||| INVOKING Heroism.
  6916 | D:8      | Killed Erica
  6938 | D:8      | 6938 ||| INVOKING Heroism.
  6972 | D:8      | 6972 ||| FLEEEEING.
  7062 | D:8      | Found a staircase to the Lair.
  7068 | D:8      | 7068 ||| INVOKING Heroism.
  7091 | D:8      | Reached skill level 13 in Ranged Weapons
  7196 | D:8      | 7196 ||| INVOKING Heroism.
  7200 | D:8      | 7200 ||| Stepping ~*~*~tactically~*~*~ (cloud).
  7210 | D:8      | 7210 ||| Stepping ~*~*~tactically~*~*~ (cloud).
  7339 | D:8      | 7339 ||| INVOKING Heroism.
  7600 | D:8      | 7600 ||| PLANNING LAIR
  7600 | D:8      | 7600 ||| UPGRADING to +2 robe of fire resistance.
  7610 | D:8      | 7610 ||| DROPPING +0 ring mail of cold resistance.
  7611 | D:8      | 7611 ||| UPGRADING to ring of willpower.
  7612 | D:8      | 7612 ||| READING 2 scrolls labelled VAS PYED VUC.
  7613 | D:8      | 7613 ||| READING scroll labelled ROBYNNECIFA.
  7714 | D:8      | 7714 ||| DROPPING scroll of amnesia.
  7747 | Lair:1   | Entered Level 1 of the Lair of Beasts
  7860 | Lair:1   | 7860 ||| INVOKING Heroism.
  7870 | Lair:1   | Reached XP level 11. HP: 69/69 MP: 11/14
  7894 | Lair:1   | 7894 ||| RETREATING.
  7895 | Lair:1   | 7895 ||| INVOKING Heroism.
  7904 | Lair:1   | 7904 ||| Stepping ~*~*~tactically~*~*~ (retreating).
  7910 | Lair:1   | 7910 ||| Stepping ~*~*~tactically~*~*~ (retreating).
  7911 | Lair:1   | 7911 ||| Stepping ~*~*~tactically~*~*~ (retreating).
  7912 | Lair:1   | 7912 ||| Stepping ~*~*~tactically~*~*~ (retreating).
  7913 | Lair:1   | 7913 ||| Stepping ~*~*~tactically~*~*~ (retreating).
  7915 | Lair:1   | 7915 ||| Stepping ~*~*~tactically~*~*~ (retreating).
  7916 | Lair:1   | 7916 ||| Stepping ~*~*~tactically~*~*~ (retreating).
  7917 | Lair:1   | 7917 ||| Stepping ~*~*~tactically~*~*~ (retreating).
  7918 | Lair:1   | 7918 ||| Stepping ~*~*~tactically~*~*~ (retreating).
  7919 | Lair:1   | 7919 ||| Stepping ~*~*~tactically~*~*~ (retreating).
  7920 | Lair:1   | 7920 ||| Stepping ~*~*~tactically~*~*~ (retreating).
  7921 | Lair:1   | 7921 ||| Stepping ~*~*~tactically~*~*~ (retreating).
  7922 | Lair:1   | 7922 ||| Stepping ~*~*~tactically~*~*~ (retreating).
  7923 | Lair:1   | 7923 ||| Stepping ~*~*~tactically~*~*~ (retreating).
  7924 | Lair:1   | 7924 ||| Stepping ~*~*~tactically~*~*~ (retreating).
  7925 | Lair:1   | 7925 ||| Stepping ~*~*~tactically~*~*~ (retreating).
  7926 | Lair:1   | 7926 ||| Stepping ~*~*~tactically~*~*~ (retreating).
  7927 | Lair:1   | 7927 ||| Stepping ~*~*~tactically~*~*~ (retreating).
  7928 | Lair:1   | 7928 ||| Stepping ~*~*~tactically~*~*~ (retreating).
  7929 | Lair:1   | 7929 ||| Stepping ~*~*~tactically~*~*~ (retreating).
  7930 | Lair:1   | 7930 ||| Stepping ~*~*~tactically~*~*~ (retreating).
  7931 | Lair:1   | 7931 ||| Stepping ~*~*~tactically~*~*~ (retreating).
  7935 | Lair:1   | 7935 ||| INVOKING Heroism.
  7938 | Lair:1   | Reached skill level 9 in Fighting
  7944 | Lair:1   | 7944 ||| Stepping ~*~*~tactically~*~*~ (retreating).
  7945 | Lair:1   | 7945 ||| Stepping ~*~*~tactically~*~*~ (retreating).
  7946 | Lair:1   | 7946 ||| Stepping ~*~*~tactically~*~*~ (retreating).
  7972 | Lair:1   | 7972 ||| FLEEEEING.
  7973 | Lair:1   | 7973 ||| FLEEEEING.
  7974 | Lair:1   | 7974 ||| FLEEEEING.
  7975 | Lair:1   | 7975 ||| FLEEEEING.
  7976 | Lair:1   | 7976 ||| FLEEEEING.
  7983 | Lair:1   | 7983 ||| STAIRDANCE
  8166 | Lair:1   | Identified the +2 pair of gloves "Dofu" {Drain Int+3
                  | Stlth+}
  8182 | Lair:1   | 8182 ||| INVOKING Heroism.
  8238 | Lair:1   | 8238 ||| INVOKING Heroism.
  8367 | Lair:1   | 8367 ||| INVOKING Heroism.
  8589 | Lair:1   | 8589 ||| INVOKING Heroism.
  8856 | Lair:1   | 8856 ||| DROPPING +2 pair of gloves "Dofu" {Drain Int+3
                  | Stlth+}.
  8857 | Lair:1   | 8857 ||| READING 3 scrolls labelled WEURHA JAMOO.
  8858 | Lair:1   | 8858 ||| READING 2 scrolls of brand weapon.
  8858 | Lair:1   | 8858 ||| BRANDING +3 shortbow of draining.
  8859 | Lair:1   | 8859 ||| READING scroll of brand weapon.
  8859 | Lair:1   | 8859 ||| BRANDING +3 shortbow of electrocution.
  8860 | Lair:1   | 8860 ||| READING 2 scrolls of identify.
  8860 | Lair:1   | 8860 ||| IDENTIFYING glowing ruby potion
  8933 | Lair:2   | 8933 ||| INVOKING Heroism.
  9028 | Lair:2   | 9028 ||| INVOKING Heroism.
  9032 | Lair:2   | Noticed a catoblepas
  9033 | Lair:2   | 9033 ||| Stepping ~*~*~tactically~*~*~ (retreating).
  9034 | Lair:2   | 9034 ||| Stepping ~*~*~tactically~*~*~ (retreating).
  9035 | Lair:2   | Reached *** piety under Okawaru
  9038 | Lair:2   | 9038 ||| Stepping ~*~*~tactically~*~*~ (retreating).
  9043 | Lair:2   | Reached skill level 14 in Ranged Weapons
  9078 | Lair:2   | 9078 ||| INVOKING Heroism.
  9088 | Lair:2   | Killed a catoblepas
  9212 | Lair:2   | 9212 ||| INVOKING Heroism.
  9219 | Lair:2   | 9219 ||| Stepping ~*~*~tactically~*~*~ (retreating).
  9224 | Lair:2   | 9224 ||| Stepping ~*~*~tactically~*~*~ (retreating).
  9225 | Lair:2   | 9225 ||| Stepping ~*~*~tactically~*~*~ (retreating).
  9226 | Lair:2   | 9226 ||| Stepping ~*~*~tactically~*~*~ (retreating).
  9227 | Lair:2   | 9227 ||| Stepping ~*~*~tactically~*~*~ (retreating).
  9228 | Lair:2   | 9228 ||| Stepping ~*~*~tactically~*~*~ (retreating).
  9230 | Lair:2   | 9230 ||| RETREATING.
  9231 | Lair:2   | 9231 ||| Stepping ~*~*~tactically~*~*~ (retreating).
  9232 | Lair:2   | 9232 ||| Stepping ~*~*~tactically~*~*~ (retreating).
  9237 | Lair:2   | 9237 ||| Stepping ~*~*~tactically~*~*~ (retreating).
  9239 | Lair:2   | 9239 ||| INVOKING Heroism.
  9284 | Lair:2   | 9284 ||| READING scroll of enchant weapon.
  9284 | Lair:2   | 9284 ||| ENCHANTING +3 shortbow of draining.
  9304 | Lair:2   | Found a staircase to the Swamp.
  9305 | Lair:2   | Noticed a bog body
  9312 | Lair:2   | 9312 ||| INVOKING Heroism.
  9315 | Lair:2   | Killed a bog body
  9482 | Lair:2   | 9482 ||| INVOKING Heroism.
  9491 | Lair:2   | Reached skill level 6 in Dodging
  9520 | Lair:2   | 9520 ||| INVOKING Heroism.
  9602 | Lair:2   | 9602 ||| INVOKING Heroism.
  9606 | Lair:2   | Reached XP level 12. HP: 78/78 MP: 12/15
  9673 | Lair:2   | 9673 ||| UPGRADING to +0 pair of boots.
  9847 | Lair:3   | 9847 ||| Stepping ~*~*~tactically~*~*~ (retreating).
  9848 | Lair:3   | 9848 ||| Stepping ~*~*~tactically~*~*~ (retreating).
  9849 | Lair:3   | 9849 ||| Stepping ~*~*~tactically~*~*~ (retreating).
  9850 | Lair:3   | 9850 ||| Stepping ~*~*~tactically~*~*~ (retreating).
  9851 | Lair:3   | 9851 ||| INVOKING Heroism.
  9983 | Lair:3   | 9983 ||| INVOKING Heroism.
  9984 | Lair:3   | 9984 ||| RETREATING.
 10001 | Lair:3   | 10001 ||| INVOKING Heroism.
 10090 | Lair:3   | Found a staircase to the Snake Pit.
 10094 | Lair:3   | 10094 ||| Stepping ~*~*~tactically~*~*~ (outnumbered).
 10095 | Lair:3   | 10095 ||| Stepping ~*~*~tactically~*~*~ (outnumbered).
 10106 | Lair:3   | Reached skill level 12 in Fighting
 10218 | Lair:3   | 10218 ||| Stepping ~*~*~tactically~*~*~ (retreating).
 10219 | Lair:3   | 10219 ||| Stepping ~*~*~tactically~*~*~ (retreating).
 10227 | Lair:3   | Reached **** piety under Okawaru
 10240 | Lair:3   | 10240 ||| INVOKING Heroism.
 10260 | Lair:3   | 10260 ||| RETREATING.
 10266 | Lair:3   | 10266 ||| Stepping ~*~*~tactically~*~*~ (retreating).
 10273 | Lair:3   | 10273 ||| INVOKING Heroism.
 10280 | Lair:3   | 10280 ||| RETREATING.
 10722 | Lair:3   | 10722 ||| READING 2 scrolls labelled ZUVOES SYMENAQ.
 10723 | Lair:3   | 10723 ||| READING 2 scrolls labelled BIGAOG IVVILEEC.
 10772 | Lair:3   | 10772 ||| READING 2 scrolls of identify.
 10772 | Lair:3   | 10772 ||| IDENTIFYING pink potion
 10773 | Lair:3   | 10773 ||| DROPPING potion of degeneration.
 10774 | Lair:3   | 10774 ||| DROPPING scroll of poison.
 10775 | Lair:3   | 10775 ||| DROPPING scroll of torment.
 10801 | Lair:4   | 10801 ||| Stepping ~*~*~tactically~*~*~ (retreating).
 10802 | Lair:4   | 10802 ||| Stepping ~*~*~tactically~*~*~ (retreating).
 10803 | Lair:4   | 10803 ||| Stepping ~*~*~tactically~*~*~ (retreating).
 10804 | Lair:4   | 10804 ||| RETREATING.
 10868 | Lair:4   | 10868 ||| RETREATING.
 10871 | Lair:4   | 10871 ||| INVOKING Heroism.
 10876 | Lair:4   | 10876 ||| RETREATING.
 10877 | Lair:4   | 10877 ||| Stepping ~*~*~tactically~*~*~ (retreating).
 10879 | Lair:4   | 10879 ||| Stepping ~*~*~tactically~*~*~ (retreating).
 10880 | Lair:4   | 10880 ||| Stepping ~*~*~tactically~*~*~ (retreating).
 10881 | Lair:4   | 10881 ||| Stepping ~*~*~tactically~*~*~ (retreating).
 10882 | Lair:4   | 10882 ||| Stepping ~*~*~tactically~*~*~ (retreating).
 10883 | Lair:4   | 10883 ||| Stepping ~*~*~tactically~*~*~ (retreating).
 10884 | Lair:4   | 10884 ||| Stepping ~*~*~tactically~*~*~ (retreating).
 10885 | Lair:4   | 10885 ||| Stepping ~*~*~tactically~*~*~ (retreating).
 10886 | Lair:4   | 10886 ||| Stepping ~*~*~tactically~*~*~ (retreating).
 10887 | Lair:4   | 10887 ||| Stepping ~*~*~tactically~*~*~ (retreating).
 10888 | Lair:4   | 10888 ||| Stepping ~*~*~tactically~*~*~ (retreating).
 10889 | Lair:4   | 10889 ||| INVOKING Heroism.
 10910 | Lair:4   | 10910 ||| INVOKING Heroism.
 11010 | Lair:4   | 11010 ||| Stepping ~*~*~tactically~*~*~ (retreating).
 11013 | Lair:4   | 11013 ||| Stepping ~*~*~tactically~*~*~ (retreating).
 11014 | Lair:4   | 11014 ||| Stepping ~*~*~tactically~*~*~ (retreating).
 11063 | Lair:4   | Noticed Rupert
 11064 | Lair:4   | 11064 ||| INVOKING Heroism.
 11086 | Lair:4   | Killed Rupert
 11086 | Lair:4   | Reached ***** piety under Okawaru
 11086 | Lair:4   | Received a gift from Okawaru
 11087 | Lair:4   | Reached skill level 6 in Invocations
 11177 | Lair:4   | Found a staircase to the Slime Pits.
 11177 | Lair:4   | Found a viscous altar of Jiyva.
 11390 | Lair:4   | Noticed a death yak
 11399 | Lair:4   | Noticed a five-headed hydra
 11400 | Lair:4   | 11400 ||| INVOKING Heroism.
 11401 | Lair:4   | 11401 ||| RETREATING.
 11407 | Lair:4   | Noticed an eight-headed hydra
 11412 | Lair:4   | Killed a five-headed hydra
 11413 | Lair:4   | Noticed qw's ghost (journeyman MiHs)
 11501 | Lair:4   | Found an opulent altar of Gozag.
 11543 | Lair:4   | 11543 ||| RETREATING.
 11560 | Lair:4   | Reached XP level 13. HP: 88/88 MP: 18/18
 11578 | Lair:4   | Found a runed translucent gate.
 11579 | Lair:4   | Found a runed translucent gate.
 11580 | Lair:4   | Found a runed translucent gate.
 11996 | Lair:4   | 11996 ||| READING scroll labelled RED ID DAES.
 11996 | Lair:4   | Identified a scroll of acquirement
 11996 | Lair:4   | 11996 ||| ACQUIRING 1262 gold pieces
 11996 | Lair:4   | Acquired 1262 gold pieces
 12008 | Lair:5   | Entered Level 5 of the Lair of Beasts
 12009 | Lair:5   | 12009 ||| Stepping ~*~*~tactically~*~*~ (retreating).
 12012 | Lair:5   | 12012 ||| Stepping ~*~*~tactically~*~*~ (retreating).
 12013 | Lair:5   | 12013 ||| Stepping ~*~*~tactically~*~*~ (retreating).
 12014 | Lair:5   | 12014 ||| Stepping ~*~*~tactically~*~*~ (retreating).
 12027 | Lair:5   | 12027 ||| INVOKING Heroism.
 12039 | Lair:5   | HP: 21/88 [elephant (7)]
 12043 | Lair:5   | HP: 3/88 [black mamba (11)]
 12046 | Lair:5   | Slain by a water moccasin

Levels and vault maps discovered:
D:1:      kennysheep_arrival_seaside, layout_basic, nicolae_hexahallways
D:2:      layout_basic
D:3:      layout_basic, elyvilon_altar_5, shapermc_ecumenical_altar_acropolis,
          minmay_surrounded
D:4:      layout_loops_ring, mainiacjoe_overflow_alcove_1,
          minmay_temple_entry_statues_pillars
D:5:      layout_gridville, guppyfry_early_orc_mine
D:6:      layout_basic, minmay_misc_feat_iff
D:7:      layout_loops_ring, nicolae_overflow_crystal_walls, serial_bayou_pond_e
D:8:      gammafunk_sealed_arena, layout_loops_cross, hellmonk_lair_entry_icy,
          uniq_psyche, uniq_erica
Temple:   hellmonk_temple_divided_pantheon
Lair:1:   layout_gridlike, lemuel_fruit_tree, grunt_megastairs_1,
          infiniplex_staircase_pool_2
Lair:2:   layout_misc_corridors, skrybe_swamp_entry_bodies, serial_bayou_ford_a,
          lemuel_old_faithful
Lair:3:   layout_roguey, nicolae_snake_entry_warm_welcome,
          infiniplex_staircase_pool, serial_bayou_shore_a, lemuel_fruit_fields
Lair:4:   layout_small_grid, slime_entry_1, gammafunk_ghost_split, basic_altar,
          uniq_rupert
Lair:5:   evil_forest, layout_loops_ring

Skill      XL: |  1  2  3  4  5  6  7  8  9 10 11 12 |
---------------+-------------------------------------+-----
Ranged Weapons | 5 6 7 8 9 11 13 14 | 14.0
Armour         | 1 2 3 4 5 |  5.0
Fighting       | 3 4 5 6 7 8 10 13 | 13.1
Dodging        | 2 3 4 6 7 |  7.5
Invocations    | 2 4 7 |  7.7
Stealth        | |  1.1

Action                     |  1- 3 |  4- 6 |  7- 9 | 10-12 | 13-15 || total
---------------------------+-------+-------+-------+-------+-------++-------
   Fire: Shortbow          |   107 |   207 |   403 |   729 |    48 ||  1494
 Invoke: Heroism           |       |       |    11 |    39 |     1 ||    51
    Use: Scroll            |       |    10 |     7 |    11 |     1 ||    29
         Potion            |       |     2 |     2 |     1 |       ||     5
 Armour: Leather armour    |    21 |       |       |       |       ||    21
         Ring mail         |     6 |    50 |    80 |    67 |       ||   203
         Robe              |       |       |       |    84 |    28 ||   112
  Dodge: Dodged            |    38 |    67 |   110 |   316 |    68 ||   599

Table legend:
 A = Non-vault XP
 B = Vault XP
 C = Vault XP percentage of total XP
 D = Non-vault monster count
 E = Vault monster count
 F = Vault count percentage of total count
                 A         B        C        D         E       F
            +---------+---------+-------+---------+---------+-------
      Total |   25649 |    7988 |  23.7 |     242 |      38 |  13.6
            +---------+---------+-------+---------+---------+-------
        D:1 |      45 |       0 |   0.0 |      28 |       0 |   0.0
        D:2 |      70 |       0 |   0.0 |      18 |       0 |   0.0
        D:3 |     117 |      24 |  17.0 |      22 |       6 |  21.4
        D:4 |     576 |       0 |   0.0 |      31 |       0 |   0.0
        D:5 |     292 |     221 |  43.1 |      13 |       7 |  35.0
        D:6 |    1210 |       0 |   0.0 |      16 |       0 |   0.0
        D:7 |    1508 |       0 |   0.0 |      18 |       0 |   0.0
        D:8 |    1875 |    2914 |  60.8 |      19 |      11 |  36.7
     Lair:1 |    2228 |    1499 |  40.2 |       8 |       7 |  46.7
     Lair:2 |    5119 |     733 |  12.5 |      17 |       1 |   5.6
     Lair:3 |    6472 |     692 |   9.7 |      27 |       5 |  15.6
     Lair:4 |    5393 |    1905 |  26.1 |      23 |       1 |   4.2
     Lair:5 |     744 |       0 |   0.0 |       2 |       0 |   0.0
            +---------+---------+-------+---------+---------+-------
